[Event "Budapest Spring Festival 2019"]
[Site "Budapest"]
[Date "2019.04.13"]
[Round "5.4"]
[White "Mikhalevski, Victor"]
[Black "Arjun Kalyan"]
[Result "1/2-1/2"]
[ECO "D10"]
[WhiteElo "2580"]
[BlackElo "2445"]
[Annotator "ChessBase"]
[PlyCount "52"]
[EventDate "2019.04.09"]
[EventType "swiss"]
[EventCountry "HUN"]
[SourceTitle "playchess.com"]
[Source "ChessBase"]
[SourceQuality "1"]
[TimeControl "40/5400+30:1800+30"]

1. d4 d5 2. c4 c6 3. cxd5 cxd5 4. Bg5 Nc6 5. Nc3 f6 6. Bd2 e5 7. e4 dxe4 8. dxe5 fxe5 9. Nxe4 Nf6 10. Nxf6+ Qxf6 11. Bc3 Bd7 12. Qh5+ g6 13. Qf3 Bg7 14. Qxf6 Bxf6 15. Bd3 O-O-O 16. Ne2 Nd4 17. Ng3 Bc6 18. Be4 Rd6 19. Rc1 Bg5 20. Rd1 Rhd8 21. Bxc6 Rxc6 22. Ne4 Bh6 23. h4 Rc4 24. Ng5 Rd7 25. Bxd4 exd4 26. Kd2 Ra4 1/2-1/2

[Event "Budapest Spring Festival 2019"]
[Site "Budapest"]
[Date "2019.04.13"]
[Round "5.10"]
[White "Timofeev, Artyom"]
[Black "Akesson, Ralf"]
[Result "1-0"]
[ECO "B47"]
[WhiteElo "2593"]
[BlackElo "2346"]
[Annotator "ChessBase"]
[PlyCount "47"]
[EventDate "2019.04.09"]
[EventType "swiss"]
[EventCountry "HUN"]
[SourceTitle "playchess.com"]
[Source "ChessBase"]
[SourceQuality "1"]
[TimeControl "40/5400+30:1800+30"]

1. e4 c5 2. Nf3 Nc6 3. Nc3 e6 4. d4 cxd4 5. Nxd4 Qc7 6. g4 a6 7. h4 b5 8. Nxc6 dxc6 9. Qf3 Bb7 10. Bf4 e5 11. Bg3 Bd6 12. O-O-O Ne7 13. g5 h5 14. gxh6 Rxh6 15. h5 f6 16. Bh3 Bc8 17. Bxc8 Nxc8 18. Qd3 Be7 19. Qe2 Nb6 20. Qg4 Kf7 21. f4 Bd6 22. Rhg1 Rg8 23. fxe5 Bxe5 24. Bf2 1-0

[Event "Budapest Spring Festival 2019"]
[Site "Budapest"]
[Date "2019.04.13"]
[Round "5.11"]
[White "Nguyen, Piotr"]
[Black "Horvath, Adam"]
[Result "0-1"]
[ECO "E46"]
[WhiteElo "2427"]
[BlackElo "2533"]
[Annotator "ChessBase"]
[PlyCount "64"]
[EventDate "2019.04.09"]
[EventType "swiss"]
[EventCountry "HUN"]
[SourceTitle "playchess.com"]
[Source "ChessBase"]
[SourceQuality "1"]
[TimeControl "40/5400+30:1800+30"]

1. d4 Nf6 2. c4 e6 3. Nc3 Bb4 4. e3 O-O 5. Nge2 Re8 6. a3 Bf8 7. d5 a5 8. Ng3 Na6 9. Bd3 Nc5 10. Bc2 exd5 11. cxd5 g6 12. O-O b5 13. Re1 Bb7 14. e4 b4 15. Na4 Nxa4 16. Bxa4 Bg7 17. axb4 axb4 18. Bg5 h6 19. Bd2 Qb8 20. Qc2 c6 21. dxc6 Bxc6 22. Bxc6 Rxa1 23. Rxa1 dxc6 24. Qxc6 h5 25. Re1 Ng4 26. Bxb4 Bd4 27. Bd6 Bxf2+ 28. Kf1 Qd8 29. Ra1 Kh7 30. Ra3 Re6 31. e5 Bxg3 32. Ra8 Rxe5 0-1

[Event "Budapest Spring Festival 2019"]
[Site "Budapest"]
[Date "2019.04.13"]
[Round "5.15"]
[White "Gonda, Laszlo"]
[Black "Popovic, Milan S"]
[Result "1-0"]
[ECO "A04"]
[WhiteElo "2527"]
[BlackElo "2332"]
[Annotator "ChessBase"]
[PlyCount "75"]
[EventDate "2019.04.09"]
[EventType "swiss"]
[EventCountry "HUN"]
[SourceTitle "playchess.com"]
[Source "ChessBase"]
[SourceQuality "1"]
[TimeControl "40/5400+30:1800+30"]

1. Nf3 g6 2. g3 Bg7 3. d4 Nf6 4. Bg2 O-O 5. O-O d6 6. a4 Nbd7 7. a5 a6 8. c4 e5 9. Nc3 Re8 10. e3 exd4 11. Nxd4 Ne5 12. b3 Bg4 13. f3 Bd7 14. Nde2 h5 15. h3 Nh7 16. e4 g5 17. f4 Ng6 18. Ra2 gxf4 19. gxf4 Nh4 20. Qd3 Nxg2 21. Kxg2 Nf6 22. Kh2 Qe7 23. Rg1 Kh8 24. Ng3 Rg8 25. Nf5 Bxf5 26. exf5 Bh6 27. Re2 Qd7 28. Rg5 Rae8 29. Reg2 c6 30. Bb2 Kh7 31. Qf3 Qe7 32. Re2 Qf8 33. Rxg8 Qxg8 34. Rg2 Qf8 35. Ne2 Qe7 36. Ng3 Rg8 37. Re2 Ng4+ 38. Qxg4 1-0

[Event "Budapest Spring Festival 2019"]
[Site "Budapest"]
[Date "2019.04.13"]
[Round "5.20"]
[White "Abdumalik, Zhansaya"]
[Black "Saravanan, V.."]
[Result "1-0"]
[ECO "B90"]
[WhiteElo "2463"]
[BlackElo "2335"]
[Annotator "RC"]
[PlyCount "51"]
[EventDate "2019.04.09"]
[EventType "swiss"]
[EventCountry "HUN"]
[SourceTitle "playchess.com"]
[Source "ChessBase"]
[SourceQuality "1"]
[TimeControl "40/5400+30:1800+30"]

1. e4 c5 2. Nf3 d6 3. d4 cxd4 4. Nxd4 Nf6 5. Nc3 a6 6. h3 e5 7. Nde2 h5 8. g3 Be6 9. Bg2 Nbd7 10. O-O Be7 11. b3 Rc8 12. Be3 h4 13. f4 Nc5 14. g4 exf4 15. Nxf4 Nh7 16. Bd4 O-O 17. Ncd5 Nd7 18. Nxe7+ Qxe7 19. Rc1 Ne5 20. Qe1 Rfe8 21. Bf2 g5 22. Ne2 Nf8 23. Nd4 Nfg6 24. Be3 f6 25. Qd2 Nc6 26. e5 1-0

[Event "Budapest Spring Festival 2019"]
[Site "Budapest"]
[Date "2019.04.13"]
[Round "5.26"]
[White "Taylor, Adam C"]
[Black "Prraneeth, Vuppala"]
[Result "1-0"]
[ECO "A22"]
[WhiteElo "2398"]
[BlackElo "2177"]
[Annotator "NA"]
[PlyCount "65"]
[EventDate "2019.04.09"]
[EventType "swiss"]
[EventCountry "HUN"]
[SourceTitle "playchess.com"]
[Source "ChessBase"]
[SourceQuality "1"]
[TimeControl "40/5400+30:1800+30"]

1. c4 e5 2. Nc3 Nf6 3. g3 c6 4. Nf3 e4 5. Nd4 Qb6 6. Nb3 d5 7. cxd5 cxd5 8. Bg2 Bf5 9. d3 Nc6 10. Nxd5 Nxd5 11. dxe4 Bb4+ 12. Kf1 Nf6 13. Be3 Qb5 14. exf5 Qxf5 15. Nd4 Nxd4 16. Qxd4 Ng4 17. Bh3 h5 18. Kg1 Qb5 19. Bxg4 hxg4 20. Qxg7 O-O-O 21. Qxg4+ Kb8 22. Kg2 f5 23. Qf3 Bd6 24. Rhd1 Bc7 25. h4 Rdg8 26. Rd5 Qb4 27. Rxf5 Qxh4 28. Rf8+ Bd8 29. Qf4+ Qxf4 30. Bxf4+ Ka8 31. Rxg8 Rxg8 32. e4 Re8 33. Kf3 1-0

[Event "Budapest Spring Festival 2019"]
[Site "Budapest"]
[Date "2019.04.13"]
[Round "5.27"]
[White "Daggupati, Balaji"]
[Black "Kayonde, Andrew"]
[Result "0-1"]
[ECO "B12"]
[WhiteElo "2326"]
[BlackElo "2394"]
[Annotator "NA"]
[PlyCount "82"]
[EventDate "2019.04.09"]
[EventType "swiss"]
[EventCountry "HUN"]
[SourceTitle "playchess.com"]
[Source "ChessBase"]
[SourceQuality "1"]
[TimeControl "40/5400+30:1800+30"]

1. e4 c6 2. d4 d5 3. e5 c5 4. dxc5 e6 5. a3 Nc6 6. Nf3 Bxc5 7. b4 Bb6 8. Bd3 Nge7 9. O-O Ng6 10. Re1 f6 11. Bxg6+ hxg6 12. Qd3 Kf7 13. Nc3 Nxe5 14. Rxe5 fxe5 15. Nxe5+ Kg8 16. Qxg6 Qf8 17. Nd1 Bd4 18. Bb2 Bxb2 19. Nxb2 Qf5 20. Qxf5 exf5 21. Rd1 Be6 22. Nbd3 Rh6 23. Nc5 b6 24. Nxe6 Rxe6 25. Rxd5 Rc8 26. g4 Rxc2 27. gxf5 Rf6 28. Ng4 Rf7 29. f6 Rc3 30. Rg5 Kf8 31. fxg7+ Rxg7 32. Rf5+ Ke7 33. f3 Rxa3 34. b5 Rf7 35. Rg5 Rfxf3 36. Ne5 Rfb3 37. Ng4 Ra2 38. Nf2 Rbb2 39. Rf5 Ke6 40. Rf8 Rxb5 41. h4 Rf5 0-1

[Event "Budapest Spring Festival 2019"]
[Site "Budapest"]
[Date "2019.04.13"]
[Round "5.28"]
[White "Polyik, Peter"]
[Black "Nguyen, Van Thanh"]
[Result "1/2-1/2"]
[ECO "A05"]
[WhiteElo "2303"]
[BlackElo "2391"]
[Annotator "NA"]
[PlyCount "29"]
[EventDate "2019.04.09"]
[EventType "swiss"]
[EventCountry "HUN"]
[SourceTitle "playchess.com"]
[Source "ChessBase"]
[SourceQuality "1"]
[TimeControl "40/5400+30:1800+30"]

1. Nf3 Nf6 2. e3 d5 3. c4 c6 4. Nc3 g6 5. d4 Bg7 6. Be2 O-O 7. O-O Be6 8. b3 h6 9. Bb2 Nbd7 10. Rc1 Rc8 11. cxd5 cxd5 12. Ne5 Ne4 13. Nxe4 dxe4 14. Rxc8 Qxc8 15. Nxd7 1/2-1/2

[Event "Budapest Spring Festival 2019"]
[Site "Budapest"]
[Date "2019.04.13"]
[Round "5.29"]
[White "Ashwath, R.."]
[Black "Pasztor, Balazs"]
[Result "1/2-1/2"]
[ECO "D25"]
[WhiteElo "2388"]
[BlackElo "2139"]
[Annotator "NA"]
[PlyCount "35"]
[EventDate "2019.04.09"]
[EventType "swiss"]
[EventCountry "HUN"]
[SourceTitle "playchess.com"]
[Source "ChessBase"]
[SourceQuality "1"]
[TimeControl "40/5400+30:1800+30"]

1. d4 d5 2. c4 dxc4 3. Nf3 Nf6 4. e3 a6 5. Bxc4 e6 6. a4 c5 7. O-O Nc6 8. Qe2 Qc7 9. Nc3 Bd6 10. Rd1 O-O 11. h3 b6 12. Bd2 Bb7 13. Rac1 Rfd8 14. Bd3 Qe7 15. Ne4 Nxe4 16. Bxe4 Rac8 17. Bd3 a5 18. dxc5 1/2-1/2

[Event "Budapest Spring Festival 2019"]
[Site "Budapest"]
[Date "2019.04.13"]
[Round "5.34"]
[White "Erenberg, Ariel"]
[Black "Havanecz, Bianka"]
[Result "1/2-1/2"]
[ECO "D16"]
[WhiteElo "2437"]
[BlackElo "2265"]
[Annotator "NA RC"]
[PlyCount "83"]
[EventDate "2019.04.09"]
[EventType "swiss"]
[EventCountry "HUN"]
[SourceTitle "playchess.com"]
[Source "ChessBase"]
[SourceQuality "1"]
[TimeControl "40/5400+30:1800+30"]

1. c4 c6 2. d4 d5 3. Nc3 Nf6 4. Nf3 dxc4 5. a4 e6 6. e3 c5 7. Bxc4 Nc6 8. O-O Be7 9. Qe2 cxd4 10. Rd1 O-O 11. exd4 Nb4 12. Ne5 b6 13. Bf4 Nfd5 14. Bd2 Bb7 15. Rac1 Rc8 16. Ne4 Nc6 17. Nxc6 Bxc6 18. a5 Qd7 19. b3 h6 20. Ng3 bxa5 21. Nh5 Bg5 22. Bxg5 hxg5 23. Qd2 Qd8 24. Ba6 Rc7 25. Qxa5 Ba8 26. Rxc7 Qxc7 27. Qxc7 Nxc7 28. Bc4 Rd8 29. Ng3 Bc6 30. Ne2 Nb5 31. f3 Kf8 32. Kf2 Ke7 33. Ra1 Nxd4 34. Rxa7+ Kf6 35. Rc7 Nxe2 36. Bxe2 Bd5 37. b4 Rb8 38. b5 Rb7 39. Rc2 Ke5 40. Ke3 Kd6 41. Bd3 Ra7 42. Kd2 1/2-1/2

[Event "Budapest Spring Festival 2019"]
[Site "Budapest"]
[Date "2019.04.13"]
[Round "5.36"]
[White "Bodi, Tibor"]
[Black "Horvath, Dominik"]
[Result "0-1"]
[ECO "A06"]
[WhiteElo "2240"]
[BlackElo "2412"]
[Annotator "NA RC"]
[PlyCount "56"]
[EventDate "2019.04.09"]
[EventType "swiss"]
[EventCountry "HUN"]
[SourceTitle "playchess.com"]
[Source "ChessBase"]
[SourceQuality "1"]
[TimeControl "40/5400+30:1800+30"]

1. Nf3 d5 2. e3 Nf6 3. b3 e6 4. Bb2 b6 5. Ne5 Bb7 6. Be2 Be7 7. O-O O-O 8. d4 c5 9. Nd2 cxd4 10. exd4 Qc7 11. Rc1 Nbd7 12. Bd3 a5 13. Qe2 a4 14. f4 g6 15. g4 Qd8 16. Rce1 axb3 17. axb3 Ra2 18. Bc1 Qc7 19. Rf2 Ne4 20. Nxe4 dxe4 21. Bxe4 Bh4 22. Bxb7 Bxf2+ 23. Qxf2 Nxe5 24. Be4 Nxg4 25. Qh4 Qc3 26. Kf1 f5 27. Bd3 Qxd4 28. h3 Qxd3+ 0-1

[Event "Budapest Spring Festival 2019"]
[Site "Budapest"]
[Date "2019.04.13"]
[Round "5.37"]
[White "Szeberenyi, Adam"]
[Black "Bhambure, Shantanu"]
[Result "1/2-1/2"]
[ECO "A46"]
[WhiteElo "2392"]
[BlackElo "2261"]
[Annotator "NA"]
[PlyCount "107"]
[EventDate "2019.04.09"]
[EventType "swiss"]
[EventCountry "HUN"]
[SourceTitle "playchess.com"]
[Source "ChessBase"]
[SourceQuality "1"]
[TimeControl "40/5400+30:1800+30"]

1. d4 Nf6 2. Nf3 e6 3. Bf4 c5 4. e3 Qb6 5. Qc1 d5 6. c3 Nc6 7. Nbd2 Be7 8. Bd3 Bd7 {[%emt 0:08:59] D02: 1 d4 d5 2 Nf3 sidelines, including 2...Nf6 3 g3 and 2...Nf6 3 Bf4} (8... O-O 9. O-O h6 10. h3 Bd7 11. Ne5 Rac8 12. Nxd7 Nxd7 13. Nf3 cxd4 14. exd4 Bf6 15. Qd2 e5 16. dxe5 Ndxe5 17. Nxe5 Nxe5 {½-½ (26) Moskalenko,A (2490)-Ponomarenko,A (2240) Sochi 2016}) 9. O-O O-O 10. Qb1 h6 11. h3 Rac8 12. Re1 $146 ({Predecessor:} 12. Ne5 Nxe5 13. dxe5 Ne8 14. a4 f5 15. Bh2 g5 16. g4 Ng7 17. a5 Qc7 18. Qa2 Bc6 19. f4 gxf4 20. Bxf4 {0-1 (48) Puschmann,L-Farago,I Budapest 1972}) 12... Rfd8 13. Ne5 Nxe5 14. Bxe5 Bb5 15. Bc2 Nd7 16. Bf4 Bd6 17. a4 Bxf4 18. exf4 Ba6 19. Nf3 cxd4 20. Nxd4 Qd6 21. Qc1 Re8 22. Qd2 Rcd8 23. Rad1 b6 24. Nf3 Nf8 25. Qd4 Qc5 26. Re3 Qxd4 27. Nxd4 Rc8 28. Rde1 Nd7 29. Nf3 Nf6 30. Ne5 d4 31. Rg3 dxc3 32. bxc3 Nd5 33. f5 Rxc3 34. Rxc3 Nxc3 35. Bb3 Ne2+ 36. Kh2 Nd4 37. fxe6 f6 38. Bc4 Bxc4 39. Nxc4 Rxe6 40. Rd1 Nc6 41. Ne3 Kf7 42. Nf5 $1 Ne7 43. Nd6+ Kg6 44. Nb5 Re4 45. Rd7 a5 46. f3 {[%emt 0:00:39] [#]} Re2 $1 47. Nc7 Nf5 48. Nd5 Rb2 49. Nf4+ $11 Kh7 50. Nh5 Kg6 51. Nf4+ Kh7 52. Nh5 Kg6 53. Nf4+ Kh7 54. Nh5 1/2-1/2

[Event "Budapest Spring Festival 2019"]
[Site "Budapest"]
[Date "2019.04.13"]
[Round "5.38"]
[White "Lye, Lik Zang"]
[Black "Kormos, Adam"]
[Result "1-0"]
[ECO "A41"]
[WhiteElo "2377"]
[BlackElo "2257"]
[Annotator "NA"]
[PlyCount "47"]
[EventDate "2019.04.09"]
[EventType "swiss"]
[EventCountry "HUN"]
[SourceTitle "playchess.com"]
[Source "ChessBase"]
[SourceQuality "1"]
[TimeControl "40/5400+30:1800+30"]

1. d4 d6 2. Nf3 Bf5 3. g3 Nf6 4. Bg2 c6 5. O-O Nbd7 6. c4 e5 7. Nc3 Bg6 8. Nh4 Be7 9. d5 Qc7 10. b3 Rd8 11. Bb2 Nh5 12. Nxg6 hxg6 13. Qd3 c5 14. f4 exf4 15. gxf4 g5 16. fxg5 Bxg5 17. Rf5 Bf6 18. Qh3 Qa5 19. Raf1 Bd4+ 20. e3 Bxc3 21. Rxf7 Rh6 22. Qxd7+ Rxd7 23. Rf8+ Ke7 24. R1f7# 1-0

[Event "Budapest Spring Festival 2019"]
[Site "Budapest"]
[Date "2019.04.13"]
[Round "5.39"]
[White "Popovics, Adam"]
[Black "Abhilash, Reddy M.L."]
[Result "1/2-1/2"]
[ECO "C54"]
[WhiteElo "2375"]
[BlackElo "2252"]
[Annotator "NA"]
[PlyCount "64"]
[EventDate "2019.04.09"]
[EventType "swiss"]
[EventCountry "HUN"]
[SourceTitle "playchess.com"]
[Source "ChessBase"]
[SourceQuality "1"]
[TimeControl "40/5400+30:1800+30"]

1. e4 e5 2. Nf3 Nc6 3. Bc4 Bc5 4. c3 Nf6 5. d3 d6 6. O-O h6 7. b4 Bb6 8. a4 a6 9. Nbd2 O-O 10. Bb3 Be6 11. Nc4 Nd7 12. Nxb6 Nxb6 13. Be3 Nd7 14. b5 Bxb3 15. Qxb3 Na5 16. Qb4 b6 17. d4 Qf6 18. bxa6 Rxa6 19. Qb5 Nb8 20. dxe5 dxe5 21. Rfd1 Nac6 22. Rd5 Ra5 23. Qd3 Ra8 24. Qb5 Ra5 25. Qb3 Qe7 26. Rad1 Re8 27. R1d2 Qe6 28. Qd1 Ra8 29. c4 Qg4 30. c5 Qxe4 31. cxb6 cxb6 32. Bxb6 Qxa4 1/2-1/2

[Event "Budapest Spring Festival 2019"]
[Site "Budapest"]
[Date "2019.04.14"]
[Round "6.1"]
[White "Onischuk, Vladimir"]
[Black "Borhy, Marcell"]
[Result "1-0"]
[ECO "A04"]
[WhiteElo "2627"]
[BlackElo "2237"]
[Annotator "RC"]
[PlyCount "67"]
[EventDate "2019.04.09"]
[EventType "swiss"]
[EventCountry "HUN"]
[SourceTitle "playchess.com"]
[Source "ChessBase"]
[SourceQuality "1"]
[TimeControl "40/5400+30:1800+30"]

1. Nf3 d6 2. g3 e5 3. Bg2 Nf6 4. O-O Be7 5. d4 e4 6. Ne1 d5 7. c4 c6 8. Nc3 Be6 9. f3 exf3 10. Nxf3 Ne4 11. cxd5 Nxc3 12. bxc3 cxd5 13. Qb3 b6 14. Ne5 O-O 15. a4 Bf6 16. Nd3 Na6 17. Bf4 Rc8 18. a5 bxa5 19. Qb5 Nb8 20. Nc5 Nc6 21. Kh1 Be7 22. Nxe6 fxe6 23. e4 g5 24. Bd2 Qb6 25. Qe2 dxe4 26. Bxe4 Rxf1+ 27. Rxf1 Rf8 28. Rxf8+ Bxf8 29. Qh5 Qc7 30. Qxg5+ Bg7 31. Qh5 Qd7 32. Qxh7+ Kf8 33. Bh6 a4 34. Qh8+ 1-0

[Event "Budapest Spring Festival 2019"]
[Site "Budapest"]
[Date "2019.04.14"]
[Round "6.4"]
[White "Shyam, Sundar M."]
[Black "Timofeev, Artyom"]
[Result "1/2-1/2"]
[ECO "B09"]
[WhiteElo "2519"]
[BlackElo "2593"]
[Annotator "ChessBase"]
[PlyCount "29"]
[EventDate "2019.04.09"]
[EventType "swiss"]
[EventCountry "HUN"]
[SourceTitle "playchess.com"]
[Source "ChessBase"]
[SourceQuality "1"]
[TimeControl "40/5400+30:1800+30"]

1. e4 d6 2. d4 Nf6 3. Nc3 g6 4. f4 Bg7 5. Nf3 O-O 6. e5 Nfd7 7. h4 c5 8. h5 cxd4 9. Qxd4 dxe5 10. Qf2 e4 11. Nxe4 Nf6 12. Bd3 Bf5 13. Nxf6+ Bxf6 14. Bxf5 gxf5 15. O-O 1/2-1/2

[Event "Budapest Spring Festival 2019"]
[Site "Budapest"]
[Date "2019.04.14"]
[Round "6.19"]
[White "Akesson, Ralf"]
[Black "Swayams, Mishra"]
[Result "1/2-1/2"]
[ECO "E45"]
[WhiteElo "2346"]
[BlackElo "2478"]
[Annotator "ChessBase"]
[PlyCount "38"]
[EventDate "2019.04.09"]
[EventType "swiss"]
[EventCountry "HUN"]
[SourceTitle "playchess.com"]
[Source "ChessBase"]
[SourceQuality "1"]
[TimeControl "40/5400+30:1800+30"]

1. d4 Nf6 2. c4 e6 3. Nc3 Bb4 4. e3 b6 5. Nge2 Ba6 6. a3 Bxc3+ 7. Nxc3 d5 8. b3 O-O 9. Be2 Nc6 10. cxd5 Bxe2 11. Nxe2 exd5 12. O-O Re8 13. f3 Qd7 14. Qd3 a5 15. Ra2 a4 16. b4 Na7 17. Nc3 Rad8 18. Qa6 Ra8 19. Qd3 Rad8 1/2-1/2

[Event "Budapest Spring Festival 2019"]
[Site "Budapest"]
[Date "2019.04.14"]
[Round "6.24"]
[White "Raja, Harshit"]
[Black "Nandhidhaa, P V"]
[Result "1-0"]
[ECO "B47"]
[WhiteElo "2432"]
[BlackElo "2314"]
[Annotator "NA"]
[PlyCount "65"]
[EventDate "2019.04.09"]
[EventType "swiss"]
[EventCountry "HUN"]
[SourceTitle "playchess.com"]
[Source "ChessBase"]
[SourceQuality "1"]
[TimeControl "40/5400+30:1800+30"]

1. e4 c5 2. Nf3 e6 3. d4 cxd4 4. Nxd4 Nc6 5. Nc3 Qc7 6. g3 a6 7. Bg2 Nf6 8. O-O h5 9. h3 Bc5 10. Nxc6 dxc6 11. e5 Qxe5 12. Bf4 Qd4 13. Qe1 Be7 14. Be5 Qa7 15. Rd1 O-O 16. Ne4 Nxe4 17. Bxe4 Qc5 18. Kh2 h4 19. f4 f5 20. Bf3 Qxc2+ 21. Rd2 hxg3+ 22. Kh1 Qc4 23. Rg1 Bh4 24. Rxg3 Rf7 25. Bh5 Bxg3 26. Qxg3 Qc1+ 27. Rd1 Qxd1+ 28. Bxd1 b5 29. Bh5 Re7 30. Qh4 Rd7 31. Bg6 Rd1+ 32. Kg2 Rd2+ 33. Kf1 1-0

[Event "Budapest Spring Festival 2019"]
[Site "Budapest"]
[Date "2019.04.14"]
[Round "6.26"]
[White "Horvath, Dominik"]
[Black "Ruff, Maximilian"]
[Result "1-0"]
[ECO "A13"]
[WhiteElo "2412"]
[BlackElo "2313"]
[Annotator "ChessBase"]
[PlyCount "103"]
[EventDate "2019.04.09"]
[EventType "swiss"]
[EventCountry "HUN"]
[SourceTitle "playchess.com"]
[Source "ChessBase"]
[SourceQuality "1"]
[TimeControl "40/5400+30:1800+30"]

1. Nf3 Nf6 2. c4 e6 3. g3 d5 4. Bg2 dxc4 5. O-O a6 6. Qc2 b5 7. Ne1 Nd5 8. d3 cxd3 9. Nxd3 Nd7 10. Nc3 Bb7 11. Nxd5 exd5 12. Rd1 Be7 13. Nf4 Nb6 14. Nxd5 Nxd5 15. Bxd5 Bxd5 16. e4 O-O 17. Rxd5 Qc8 18. Qc6 Qg4 19. Bf4 Bb4 20. a3 Ba5 21. a4 Bb6 22. a5 Ba7 23. Rd2 Rae8 24. Qxa6 Rxe4 25. Qxa7 Rxf4 26. Qxc7 Rc4 27. Qb7 Qg5 28. Rad1 h5 29. b3 Rcc8 30. h4 Qc5 31. Rd5 Qc2 32. b4 Qb3 33. R5d4 Rb8 34. Qd5 Qxd5 35. Rxd5 g6 36. Rc1 Rfe8 37. Rc6 Re4 38. Rb6 Rxb6 39. axb6 Re7 40. Rxb5 Rb7 41. Kg2 Kf8 42. Kf3 Ke7 43. Ke4 Kd6 44. Kd4 Kc6 45. Kc4 Kd6 46. Kb3 Kd7 47. Ka4 Kc8 48. Ka5 Re7 49. Rc5+ Kb8 50. Rc7 Re5+ 51. Ka6 f6 52. Rg7 1-0

[Event "Budapest Spring Festival 2019"]
[Site "Budapest"]
[Date "2019.04.14"]
[Round "6.27"]
[White "Nomin-Erdene, Davaademberel"]
[Black "Polyik, Peter"]
[Result "1-0"]
[ECO "B48"]
[WhiteElo "2399"]
[BlackElo "2303"]
[Annotator "NA"]
[PlyCount "53"]
[EventDate "2019.04.09"]
[EventType "swiss"]
[EventCountry "HUN"]
[SourceTitle "playchess.com"]
[Source "ChessBase"]
[SourceQuality "1"]
[TimeControl "40/5400+30:1800+30"]

1. e4 c5 2. Nf3 e6 3. d4 cxd4 4. Nxd4 Nc6 5. Nc3 Qc7 6. Be3 a6 7. Qf3 d6 8. Qg3 Bd7 9. O-O-O Nf6 10. f4 b5 11. Bd3 Be7 12. Rhe1 b4 13. Nce2 O-O 14. Kb1 Rfc8 15. Nxc6 Bxc6 16. Bd4 a5 17. e5 dxe5 18. Bxe5 Qb7 19. Nd4 Bd5 20. f5 a4 21. fxe6 fxe6 22. Rf1 Kh8 23. Rf2 Bxa2+ 24. Kxa2 b3+ 25. Kb1 a3 26. Nxe6 Bf8 27. Rxf6 1-0

[Event "Budapest Spring Festival 2019"]
[Site "Budapest"]
[Date "2019.04.14"]
[Round "6.28"]
[White "Nguyen, Van Thanh"]
[Black "Song, Julien"]
[Result "1/2-1/2"]
[ECO "E11"]
[WhiteElo "2391"]
[BlackElo "2310"]
[Annotator "NA"]
[PlyCount "23"]
[EventDate "2019.04.09"]
[EventType "swiss"]
[EventCountry "HUN"]
[SourceTitle "playchess.com"]
[Source "ChessBase"]
[SourceQuality "1"]
[TimeControl "40/5400+30:1800+30"]

1. d4 Nf6 2. Nf3 e6 3. c4 Bb4+ 4. Nbd2 O-O 5. a3 Be7 6. g3 d5 7. Bg2 b6 8. O-O Bb7 9. Ne5 Nbd7 10. Nxd7 Qxd7 11. Qc2 c5 12. dxc5 1/2-1/2

[Event "Budapest Spring Festival 2019"]
[Site "Budapest"]
[Date "2019.04.14"]
[Round "6.30"]
[White "Bayramov, Zaur"]
[Black "Ravi, Teja S."]
[Result "1/2-1/2"]
[ECO "A12"]
[WhiteElo "2301"]
[BlackElo "2383"]
[Annotator "NA"]
[PlyCount "22"]
[EventDate "2019.04.09"]
[EventType "swiss"]
[EventCountry "HUN"]
[SourceTitle "playchess.com"]
[Source "ChessBase"]
[SourceQuality "1"]
[TimeControl "40/5400+30:1800+30"]

1. c4 c6 2. Nf3 d5 3. b3 Bf5 4. e3 e6 5. Bb2 Nd7 6. Nc3 Ngf6 7. d4 Bd6 8. Bd3 Bg6 9. O-O Qe7 10. Bxg6 hxg6 11. h3 Ne4 1/2-1/2

[Event "Budapest Spring Festival 2019"]
[Site "Budapest"]
[Date "2019.04.14"]
[Round "6.36"]
[White "Turzo, Attila"]
[Black "Szeberenyi, Adam"]
[Result "1-0"]
[ECO "D11"]
[WhiteElo "2296"]
[BlackElo "2392"]
[Annotator "NA"]
[PlyCount "39"]
[EventDate "2019.04.09"]
[EventType "swiss"]
[EventCountry "HUN"]
[SourceTitle "playchess.com"]
[Source "ChessBase"]
[SourceQuality "1"]
[TimeControl "40/5400+30:1800+30"]

1. d4 d5 2. c4 c6 3. Nf3 dxc4 4. e3 Be6 5. Qc2 Nf6 6. Nbd2 b5 7. b3 cxb3 8. axb3 g6 9. Be2 Bg7 10. O-O O-O 11. Ba3 a5 12. Ne5 Ra6 13. Bf3 Bd5 14. e4 Be6 15. Bb2 Nbd7 16. Nxc6 Qb6 17. d5 Bg4 18. e5 Nxd5 19. Bxd5 e6 20. Bd4 1-0

[Event "Budapest Spring Festival 2019"]
[Site "Budapest"]
[Date "2019.04.14"]
[Round "6.37"]
[White "Bronstein, Or"]
[Black "Kathmale, Sameer"]
[Result "1-0"]
[ECO "E73"]
[WhiteElo "2387"]
[BlackElo "2279"]
[Annotator "NA"]
[PlyCount "77"]
[EventDate "2019.04.09"]
[EventType "swiss"]
[EventCountry "HUN"]
[SourceTitle "playchess.com"]
[Source "ChessBase"]
[SourceQuality "1"]
[TimeControl "40/5400+30:1800+30"]

1. d4 Nf6 2. c4 g6 3. Nc3 Bg7 4. e4 d6 5. Be2 O-O 6. Be3 Na6 7. Nf3 e5 8. O-O Ng4 9. Bg5 Qe8 10. dxe5 dxe5 11. h3 Nf6 12. Be3 b6 13. a3 Bb7 14. Qc2 Nh5 15. b4 c5 16. Rab1 Rc8 17. Nd5 cxb4 18. axb4 f5 19. Qa2 fxe4 20. Ng5 Nf4 21. Bxf4 exf4 22. c5 Kh8 23. Bxa6 Bxa6 24. Qxa6 h6 25. Qxa7 hxg5 26. cxb6 Bd4 27. Rbd1 Rc4 28. Qa6 Qc6 29. Ne7 Qe6 30. Nxg6+ Qxg6 31. Qxc4 Bxb6 32. Qd5 e3 33. fxe3 g4 34. Qe5+ Qg7 35. Qh5+ Qh7 36. Qxg4 Bxe3+ 37. Kh1 Rg8 38. Rd7 Qh6 39. Qf5 1-0

[Event "Budapest Spring Festival 2019"]
[Site "Budapest"]
[Date "2019.04.14"]
[Round "6.38"]
[White "Hando, Vilmos"]
[Black "Havanecz, Bianka"]
[Result "0-1"]
[ECO "D37"]
[WhiteElo "2382"]
[BlackElo "2265"]
[Annotator "ChessBase"]
[PlyCount "120"]
[EventDate "2019.04.09"]
[EventType "swiss"]
[EventCountry "HUN"]
[SourceTitle "playchess.com"]
[Source "ChessBase"]
[SourceQuality "1"]
[TimeControl "40/5400+30:1800+30"]

1. c4 Nf6 2. d4 e6 3. Nf3 d5 4. Nc3 dxc4 5. e3 a6 6. a4 c5 7. Bxc4 Nc6 8. O-O Be7 9. Qe2 cxd4 10. Rd1 O-O 11. exd4 Nb4 12. Ne5 b6 13. Bf4 Nfd5 14. Bg3 Bb7 15. f3 Rc8 16. Be1 Nf4 17. Qf1 Nc2 18. Bf2 Nxa1 19. Rxa1 Bb4 20. Ne4 f6 21. Nd3 Rxc4 22. Nxf4 Qc8 23. b3 Rc2 24. Nd3 Be7 25. a5 f5 26. Ng3 bxa5 27. Nc5 Bxc5 28. dxc5 Rd8 29. Rd1 Rdd2 30. Rxd2 Rxd2 31. Be3 Rd5 32. Nh5 e5 33. f4 Qd7 34. Qc4 Qb5 35. Kf2 Qxc4 36. bxc4 Rd3 37. fxe5 a4 38. Nf4 Rc3 39. Nd5 Rxc4 40. Ne7+ Kf7 41. Nxf5 Rc2+ 42. Ke1 Bxg2 43. e6+ Kf6 44. Kd1 Ra2 45. Nd4 h6 46. c6 Bxc6 47. Nxc6 Kxe6 48. Bf4 g5 49. Bd2 Ra3 50. h4 gxh4 51. Bxh6 h3 52. Bf4 Ra2 53. Nd4+ Kd5 54. Nc2 Ke4 55. Bd6 Rb2 56. Kc1 Rb7 57. Bh2 Rb6 58. Kd2 Rb3 59. Na1 Rf3 60. Ke2 a3 0-1